 Dungeon Crawl Stone Soup version 0.18-a0-1774-gce1f7b6 (webtiles) character file.

80329 SilenceOfTheYaks the Infuser (level 15, -26/113 HPs)
             Began as a Demonspawn Skald on Apr 15, 2016.
             Was the Champion of Okawaru.
             Annihilated by an orc warrior
             ... wielding a +0 trident
             ... led by an orc knight
              (30 damage)
             ... on level 1 of the Orcish Mines.
             The game lasted 01:15:17 (22493 turns).

SilenceOfTheYaks the Infuser (Demonspawn Skald)    Turns: 22493, Time: 01:15:17

Health: -26/113    AC:  9    Str: 14    XL:     15   Next: 23%
Magic:  26/30      EV: 22    Int: 17    God:    Okawaru [******]
Gold:   2192       SH:  5    Dex: 29    Spells: 4 memorised, 25 levels left

rFire  + . .     SeeInvis .     r - +7 mace "Vototoal" {venom, rElec rC- Dex+6}
rCold  + . .     Gourm    .     W - +2 robe {rC+}
rNeg   . . .     Faith    +     J - +0 buckler
rPois  .         Spirit   .     (helmet restricted)
rElec  +         Dismiss  .     I - +1 cloak
rCorr  .         Reflect  .     g - +2 pair of gloves {Dex+3}
SustAt .         Harm     .     (no boots)
MR     +....                    V - amulet of faith
Stlth  +++.......               n - ring of protection from fire
                                i - ring of protection from cold

@: singing, very slightly contaminated, hasted, very quick, somewhat resistant
to hostile enchantments, fairly stealthy
A: antennae 1, thin skeletal structure 2, agile 1, powered by death 3, rot
immunity
a: Heroism, Finesse, Renounce Religion, Stop Singing


You were on level 1 of the Orcish Mines.
You worshipped Okawaru.
Okawaru was exalted by your worship.
You were not hungry.

You visited 3 branches of the dungeon, and saw 20 of its levels.
You also visited: Labyrinth and Ice Cave.

You collected 2192 gold pieces.

Inventory:

Hand Weapons
 d - the +0 whip of Charity {elec, Int+6}
   (You found it on level 8 of the Lair of Beasts)

   Occasionally, upon striking a foe, it will discharge some electrical energy
   and cause terrible harm.
   It affects your intelligence (+6).
 r - the +7 mace "Vototoal" (weapon) {venom, rElec rC- Dex+6}
   (Okawaru gifted it to you on level 6 of the Lair of Beasts)

   It poisons the flesh of those it strikes.
   It affects your dexterity (+6).
   It makes you vulnerable to cold.
   It insulates you from electricity.
 Q - a +0 blowgun
Missiles
 k - 6 curare-tipped needles
Armour
 g - a +2 pair of gloves of dexterity (worn)
 B - a +2 ring mail of cold resistance
 I - a +1 cloak (worn)
 J - a +0 buckler (worn)
 W - a +2 robe of cold resistance (worn)
Rods
 j - a +2 rod of ignition (11/11)
   (You found it on level 8 of the Lair of Beasts)
Jewellery
 i - a ring of protection from cold (left hand)
 l - an uncursed amulet of regeneration
 n - a ring of protection from fire (right hand)
 q - a +4 ring of dexterity
 s - an uncursed ring of see invisible
 v - an uncursed ring of positive energy
 x - an uncursed ring of protection from magic
 V - an amulet of faith (around neck)
Wands
 L - a wand of lightning (0/15)
 M - a wand of digging (6/24)
 N - a wand of iceblast (9/15)
 O - a wand of slowing (34/48)
 P - a wand of iceblast (9/15)
 X - a wand of disintegration (13/24)
Scrolls
 a - a scroll of enchant weapon
 e - 3 scrolls of amnesia
 f - 3 scrolls of magic mapping
 p - 2 scrolls of fog
 y - 2 scrolls of remove curse
 D - 3 scrolls of recharging
 F - 2 scrolls of identify
 R - a scroll of enchant armour
 Z - 5 scrolls of teleportation
Potions
 h - 3 potions of flight
 w - 4 potions of curing
 G - a potion of brilliance
 T - a potion of haste
 U - a potion of berserk rage
Books
 c - a book of Battle

   Spells                             Type                      Level
   a - Infusion                       Charms                       1
   b - Shroud of Golubria             Charms/Translocation         2
   c - Song of Slaying                Charms                       2
   d - Spectral Weapon                Hexes/Charms                 3
   e - Regeneration                   Charms/Necromancy            3
 m - a book of Necromancy

   Spells                             Type                      Level
   a - Pain                           Necromancy                   1
   b - Animate Skeleton               Necromancy                   1
   c - Vampiric Draining              Necromancy                   3
   d - Regeneration                   Charms/Necromancy            3
   e - Animate Dead                   Necromancy                   4
   f - Control Undead                 Necromancy                   4
 t - a book of Enchantments

   Spells                             Type                      Level
   a - Cause Fear                     Hexes                        4
   b - Yara's Violent Unravelling     Hexes/Transmutation          5
   c - Silence                        Hexes/Air                    5
   d - Deflect Missiles               Charms/Air                   6
   e - Haste                          Charms                       6
   f - Discord                        Hexes                        8
 K - a book of the Sky

   Spells                             Type                      Level
   a - Summon Lightning Spire         Summoning/Air                4
   b - Airstrike                      Air                          4
   c - Silence                        Hexes/Air                    5
   d - Deflect Missiles               Charms/Air                   6
   e - Conjure Ball Lightning         Conjuration/Air              6
   f - Tornado                        Air                          9
 S - a book of Frost

   Spells                             Type                      Level
   a - Freeze                         Ice                          1
   b - Throw Frost                    Conjuration/Ice              2
   c - Ozocubu's Armour               Charms/Ice                   3
   d - Throw Icicle                   Conjuration/Ice              4
   e - Summon Ice Beast               Ice/Summoning                4
Comestibles
 o - a slice of pizza
 z - 2 royal jellies
 A - 3 meat rations
 C - 33 fruits
 H - 2 beef jerkies
 Y - a bread ration


   Skills:
 - Level 9.1 Fighting
 - Level 12.4 Maces & Flails
 - Level 5.1 Armour
 - Level 8.6 Dodging
 + Level 11.8 Spellcasting
 + Level 13.8 Charms


You had 25 spell levels left.
You knew the following spells:

 Your Spells              Type           Power        Failure   Level  Hunger
a - Infusion              Chrm           ####         1%          1    None
b - Song of Slaying       Chrm           ######..     1%          2    None
c - Regeneration          Chrm/Necr      ####......   2%          3    None
d - Haste                 Chrm           ######..     10%         6    ######.


Dungeon Overview and Level Annotations

Branches:
Dungeon (11/15)            Temple (0/1) D:7            Lair (8/8) D:11
  Swamp (0/4) Lair:4       Spider (0/4) Lair:4        Slime (0/6) Lair:6
    Orc (1/2) D:9

Altars:
Cheibriados
Elyvilon
Kikubaaqudgha
Nemelex Xobeh
Okawaru
Pakellas
Qazlal
Ru
Sif Muna
Xom
Zin
Jiyva

Shops:
D:5 ?

Annotations:
Lair:6 1 runed door
Lair:7 skk's ghost, journeyman DsFi


Innate Abilities, Weirdness & Mutations

You have a pair of small antennae on your head.
You have a moderately thin skeletal structure (Dex +4, Stealth+).
You regenerate a lot of health from kills.
You are immune to rotting.
You are agile. (Dex +2)


Message History

You assume a fearsome visage.
The warg looks frightened!
The troll looks frightened!
The orc warrior looks frightened!
Drink which item? (? for menu, Esc to quit)
You feel better. Okawaru accepts your kill.
Reactivating autopickup.
You feel a bit more experienced.
You bludgeon the warg!!
The warg is poisoned.
The warg is severely wounded.
You hear a howl!
The warg looks more healthy.
The warg closely misses you.
Cornered, the orc warrior turns to fight!
You sock the warg!
You kill the warg!
Okawaru accepts your kill.
You hear a howl!
The ogre hits you with a giant club!!
* * * LOW HITPOINT WARNING * * *
The orc warrior hits you from afar with a trident!!
You die...

#### ##.#.#
.....#####.
########....#..#..
##.##o##.........#.
#)..).$.T.$.....##.
##@##>.h...##...#..
##O....)).#.......
###o...).)$..O.....
#.......)[.........
###....$...........
##......###..o....
#..<.(............
##.....(.......)##
###...........##


You could see a troll (fleeing), 2 orc warriors and an ogre.

Vanquished Creatures
  Kirke (Lair:8)
  Nessos (Lair:6)
  Josephine (D:10)
  A minotaur (Lab)
  2 hydras
  2 ice dragons (IceCv)
  Erica (Lair:2)
  24 death yaks
  Sonja (Lair:4)
  Urug (D:11)
  A fire crab (Lair:8)
  A hill giant (D:10)
  A flayed ghost (D:8)
  An orc knight (Orc:1)
  3 wolf spiders (Lair:4)
  An orc sorcerer (Orc:1)
  2 griffons
  The ghost of vonhedlund the Fighter, a novice HOHu of Okawaru (D:5)
  Joseph (D:7)
  10 elephants
  6 black mambas
  13 spiny frogs
  2 ice statues (IceCv)
  An efreet (D:11)
  3 rime drakes
  13 komodo dragons
  A troll (D:11)
  A polar bear (Lair:8)
  A two-headed ogre (D:9)
  37 blink frogs
  2 giant leeches (Lair:8)
  A boulder beetle (Lair:8)
  3 shadows
  2 redbacks (Lair:4)
  A hog (Lair:8)
  3 wyverns
  8 wraiths
  56 yaks
  A human (Lair:8)
  A fire bat (D:8)
  14 hippogriffs
  3 basilisks
  14 vampire mosquitoes
  2 hungry ghosts
  21 water moccasins
  2 wargs (Orc:1)
  10 porcupines
  A swamp drake (D:11)
  7 orc warriors
  5 sky beasts
  17 ice beasts
  A black bear (D:10)
  6 ogres
  4 phantoms
  3 centaurs
  6 wolves (Lair:4)
  15 crocodiles
  3 big kobolds
  26 giant frogs
  A gnoll sergeant (D:8)
  2 scorpions (D:7)
  A wyvern skeleton (D:9)
  A troll zombie (D:9)
  13 killer bees
  17 wights
  10 electric eels
  A vampire bat (Lair:4)
  A crimson imp (D:11)
  A centaur zombie (D:7)
  10 hounds
  A giant frog zombie (D:8)
  4 orc priests
  2 jellies
  11 orc wizards
  3 centaur skeletons
  11 iguanas
  8 worker ants
  10 sheep
  7 ogre zombies (D:9)
  An ogre skeleton (Lab)
  A hound zombie (D:6)
  11 gnolls
  A howler monkey skeleton (D:4)
  73 river rats
  12 adders
  4 shadow imps
  2 oozes
  An adder zombie (D:5)
  2 adder skeletons
  A worm (D:2)
  4 dart slugs
  6 giant geckos
  32 orcs
  5 giant cockroaches
  3 goblins
  6 hobgoblins
  6 jackals
  4 quokkas
  3 ball pythons
  26 bats
  2 giant newts
  A goblin skeleton (D:9)
  4 goblin zombies (D:9)
  3 hobgoblin skeletons (D:9)
  3 hobgoblin zombies (D:9)
  A jackal skeleton (D:4)
  13 kobolds
  3 orc skeletons (D:9)
  11 orc zombies (D:9)
  2 quokka skeletons
  A quokka zombie (D:8)
  11 rats
  A butterfly (Lair:7)
  A fungus (Lair:8)
749 creatures vanquished.

Vanquished Creatures (others)
  2 humans (Lair:8)
  An orc (Orc:1)
  16 fungi
  21 plants
40 creatures vanquished.

Grand Total: 789 creatures vanquished

Notes
Turn   | Place    | Note
--------------------------------------------------------------
     0 | D:1      | SilenceOfTheYaks the Demonspawn Skald began the quest for the Orb.
     0 | D:1      | Reached XP level 1. HP: 16/16 MP: 3/3
     2 | D:1      | Noticed an ogre
     2 | D:1      | Noticed a centaur
     4 | D:1      | Noticed a halfling
     4 | D:1      | Noticed an elf
     6 | D:1      | Noticed a vampire
     9 | D:1      | Noticed a gargoyle
     9 | D:1      | Noticed a minotaur
    11 | D:1      | Noticed a demigod
    11 | D:1      | Noticed a formicid
    13 | D:1      | Noticed a human
    13 | D:1      | Noticed an octopode
    15 | D:1      | Noticed a dwarf
    15 | D:1      | Noticed a naga
    17 | D:1      | Noticed a felid
    19 | D:1      | Noticed a ghoul
    19 | D:1      | Noticed a spriggan
    22 | D:1      | Noticed a tengu
    24 | D:1      | Noticed a demonspawn
    24 | D:1      | Noticed a draconian
    26 | D:1      | Noticed a vine stalker
    28 | D:1      | Noticed a merfolk
    28 | D:1      | Noticed a troll
   370 | D:1      | Gained mutation: You have a somewhat thin skeletal structure (Dex +2, Stealth). [demonic ancestry]
   370 | D:1      | Reached XP level 2. HP: 22/22 MP: 5/5
   706 | D:2      | Reached XP level 3. HP: 28/28 MP: 6/6
   820 | D:2      | Found a deep blue altar of Sif Muna.
   918 | D:2      | Found an iron altar of Okawaru.
   930 | D:2      | Became a worshipper of Warmaster Okawaru
  1334 | D:3      | Gained mutation: You regenerate a little health from kills. [demonic ancestry]
  1334 | D:3      | Reached XP level 4. HP: 34/34 MP: 7/7
  1423 | D:3      | Reached XP level 5. HP: 39/39 MP: 8/8
  1869 | D:4      | Found a sparkling altar of Nemelex Xobeh.
  1931 | D:4      | Reached * piety under Okawaru
  1931 | D:4      | Reached skill level 5 in Maces & Flails
  2213 | D:4      | Found a sacrificial altar of Ru.
  2215 | D:4      | Gained mutation: You are immune to rotting. [demonic ancestry]
  2215 | D:4      | Reached XP level 6. HP: 46/46 MP: 9/9
  2500 | D:5      | Entered Level 5 of the Dungeon
  2500 | D:5      | Noticed vonhedlund's ghost (novice HOHu)
  2787 | D:5      | Found Ixonani's Magic Scroll Shop.
  2951 | D:5      | Found a glowing silver altar of Zin.
  3003 | D:5      | Noticed a sky beast
  3023 | D:5      | Killed a sky beast
  3023 | D:5      | Reached ** piety under Okawaru
  3139 | D:5      | Killed vonhedlund's ghost
  3139 | D:5      | Reached *** piety under Okawaru
  3139 | D:5      | Reached XP level 7. HP: 25/51 MP: 7/10
  3327 | D:5      | Learned a level 2 spell: Song of Slaying
  3749 | D:6      | Found an oddly glowing altar of Pakellas.
  3875 | D:6      | Gained mutation: You regenerate health from kills. [demonic ancestry]
  3875 | D:6      | Reached XP level 8. HP: 57/57 MP: 11/11
  3983 | D:6      | Got a bone rapier {pierce}
  3998 | D:6      | Found a snail-covered altar of Cheibriados.
  4380 | D:6      | You fall through a shaft for 3 floors!
  4405 | D:9      | Reached **** piety under Okawaru
  4610 | D:9      | Reached skill level 10 in Maces & Flails
  4704 | D:9      | Reached XP level 9. HP: 57/62 MP: 10/12
  4754 | D:9      | Found a staircase to the Orcish Mines.
  4763 | D:9      | Identified the Compendium of Burning Poisoning
  4959 | D:9      | Reached ***** piety under Okawaru
  5767 | D:8      | Received a gift from Okawaru
  6117 | D:8      | Reached skill level 3 in Charms
  6214 | D:8      | Found a stormy altar of Qazlal.
  6394 | D:8      | Found a shimmering altar of Xom.
  6407 | D:8      | Reached XP level 10. HP: 69/71 MP: 9/13
  6465 | D:8      | Reached skill level 4 in Charms
  6524 | D:8      | Found a shimmering altar of Xom.
  6533 | D:8      | Found a runed door.
  6534 | D:8      | Found an ancient bone altar of Kikubaaqudgha.
  6539 | D:8      | Found an ancient bone altar of Kikubaaqudgha.
  6548 | D:8      | Noticed a flayed ghost
  6557 | D:8      | Killed a flayed ghost
  6557 | D:8      | Reached skill level 5 in Fighting
  6583 | D:8      | Found a shimmering altar of Xom.
  6600 | D:8      | Found an iron altar of Okawaru.
  6887 | D:8      | Identified a scroll of acquirement
  6942 | D:8      | Reached skill level 5 in Charms
  7127 | D:7      | Found a staircase to the Ecumenical Temple.
  7564 | D:7      | Found an ancient bone altar of Kikubaaqudgha.
  7564 | D:7      | Found a white marble altar of Elyvilon.
  7564 | D:7      | Noticed Joseph
  7581 | D:7      | Killed Joseph
  7581 | D:7      | Received a gift from Okawaru
  7581 | D:7      | Reached skill level 6 in Charms
  7585 | D:7      | Got an ichor-stained animal skin {god gift}
  7596 | D:7      | Identified the +1 animal skin "Doty" {rCorr} (Okawaru gifted it to you on level 7 of the Dungeon)
  8334 | D:10     | Entered Level 10 of the Dungeon
  8334 | D:10     | Noticed Urug
  8536 | D:10     | Reached XP level 11. HP: 84/84 MP: 2/14
  8779 | D:10     | Reached skill level 7 in Charms
  8834 | D:10     | Noticed a hill giant
  8848 | D:10     | Killed a hill giant
  8947 | D:10     | Noticed Josephine
  9026 | D:10     | Killed Josephine
  9472 | D:11     | Reached skill level 8 in Charms
  9708 | D:11     | Reached skill level 1 in Dodging
  9832 | D:11     | Killed Urug
  9832 | D:11     | Reached ****** piety under Okawaru
 10076 | D:11     | Received a gift from Okawaru
 10373 | D:11     | Found a staircase to the Lair.
 10384 | D:11     | Reached skill level 5 in Dodging
 10746 | Lair:1   | Entered Level 1 of the Lair of Beasts
 10751 | Lair:1   | Noticed a four-headed hydra
 10827 | Lair:1   | Killed a four-headed hydra
 10827 | Lair:1   | Reached XP level 12. HP: 61/95 MP: 7/15
 11006 | Lair:1   | Gained mutation: You are dopey. (Int -2) [potion of mutation]
 11006 | Lair:1   | Gained mutation: You have sharp toenails. [potion of mutation]
 11006 | Lair:1   | Gained mutation: You are frail (-10% HP). [potion of mutation]
 11021 | Lair:1   | Lost mutation: You are dopey. (Int -2) [potion of cure mutation]
 11021 | Lair:1   | Lost mutation: You are frail (-10% HP). [potion of cure mutation]
 11021 | Lair:1   | Lost mutation: You have sharp toenails. [potion of cure mutation]
 11176 | Lair:1   | Got an ancient dagger
 11177 | Lair:1   | Identified the +11 dagger of Dominance {pain, rPois Int-2 Dex+3 SInv} (You found it on level 1 of the Lair of Beasts)
 11767 | Lair:2   | Received a gift from Okawaru
 11890 | Lair:2   | Noticed Erica
 11913 | Lair:2   | Killed Erica
 12695 | Lair:2   | Reached skill level 9 in Charms
 13350 | Lair:3   | Reached skill level 5 in Spellcasting
 13924 | Lair:3   | Received a gift from Okawaru
 13924 | Lair:3   | Reached skill level 10 in Charms
 13924 | Lair:3   | Gained mutation: You have a pair of small antennae on your head. [demonic ancestry]
 13924 | Lair:3   | Reached XP level 13. HP: 71/101 MP: 14/22
 13953 | Lair:3   | Learned a level 3 spell: Regeneration
 14926 | Lair:4   | Found a staircase to the Swamp.
 15003 | Lair:4   | Noticed Sonja
 15014 | Lair:4   | Killed Sonja
 15197 | Lair:4   | Learned a level 6 spell: Haste
 15582 | Lair:4   | Found a hole to the Spider Nest.
 15591 | Lair:4   | Gained mutation: You are agile. (Dex +2) [potion of beneficial mutation]
 16077 | Lair:5   | Found a frozen archway.
 16089 | IceCv    | Entered an ice cave
 16094 | IceCv    | Reached skill level 11 in Charms
 16414 | IceCv    | Received a gift from Okawaru
 17112 | Lair:5   | Reached skill level 12 in Charms
 17499 | Lair:6   | Found a labyrinth entrance.
 17506 | Lab      | Entered a labyrinth
 17662 | Lab      | Noticed a minotaur
 17674 | Lab      | Killed a minotaur
 17674 | Lab      | Gained mutation: You regenerate a lot of health from kills. [demonic ancestry]
 17674 | Lab      | Reached XP level 14. HP: 44/108 MP: 20/27
 17682 | Lab      | Identified the Disquisition on Malediction
 17690 | Lab      | Identified Xosuuh's Grimoire of Earth
 17720 | Lab      | Got a crude dagger
 17721 | Lab      | Identified the +3 dagger of Disarray {flame, +Fly rElec rC++ Str-5} (You found it in a labyrinth)
 17983 | Lair:6   | Found a runed door.
 17987 | Lair:6   | Found a viscous altar of Jiyva.
 17996 | Lair:6   | Found a staircase to the Slime Pits.
 18034 | Lair:6   | Noticed Nessos
 18050 | Lair:6   | Killed Nessos
 18050 | Lair:6   | Received a gift from Okawaru
 18071 | Lair:6   | Got a polished mace {god gift}
 18072 | Lair:6   | Identified the +7 mace "Vototoal" {venom, rElec rC- Dex+6} (Okawaru gifted it to you on level 6 of the Lair of Beasts)
 18100 | Lair:6   | Got a faintly humming scale mail
 18111 | Lair:6   | Identified the +1 scale mail "Kocwycar" {Str+3 Slay+3} (You found it on level 6 of the Lair of Beasts)
 18136 | Lair:6   | Reached skill level 10 in Spellcasting
 18649 | Lair:7   | Noticed skk's ghost (journeyman DsFi)
 19139 | Lair:7   | Reached skill level 1 in Armour
 19938 | Lair:7   | Received a gift from Okawaru
 20167 | Lair:7   | Reached skill level 13 in Charms
 20428 | Lair:8   | Entered Level 8 of the Lair of Beasts
 20428 | Lair:8   | Noticed Kirke
 20447 | Lair:8   | Killed Kirke
 20495 | Lair:8   | Received a gift from Okawaru
 20876 | Lair:8   | Gained mutation: You have a moderately thin skeletal structure (Dex +4, Stealth+). [demonic ancestry]
 20876 | Lair:8   | Reached XP level 15. HP: 103/113 MP: 27/30
 21115 | Lair:8   | Reached skill level 5 in Armour
 21401 | Lair:8   | Got a crude whip
 21402 | Lair:8   | Identified the cursed +0 whip of Charity {elec, Int+6} (You found it on level 8 of the Lair of Beasts)
 21429 | Lair:8   | Identified a +2 rod of ignition (11/11) (You found it on level 8 of the Lair of Beasts)
 22085 | Lair:8   | Received a gift from Okawaru
 22088 | Lair:8   | Got a brightly glowing dire flail {god gift}
 22089 | Lair:8   | Identified the +2 dire flail "Zeffu" {vamp, +Blink rF+ MR-} (Okawaru gifted it to you on level 8 of the Lair of Beasts)
 22391 | Orc:1    | Entered Level 1 of the Orcish Mines
 22493 | Orc:1    | HP: 4/113 [ogre/giant club (23)]
 22493 | Orc:1    | Annihilated by an orc warrior

Vault maps used:
D:1:      kb_arrival_jail, lemuel_flame_loot_1
D:2:      okawaru_ov_weapons_minmay, nicolae_overflow_hidden_temple
D:3:      kennysheep_generic_room_5
D:4:      nicolae_ru_great_annihilating_truth, nemelex_xobeh_ov_fountains_minmay
D:5:      kennysheep_mini_moat, first_bread, serial_shops, shop
D:6:      kennysheep_slug_shrine, grunt_pakellas_sulfur
D:7:      gammafunk_temple_overflow_statue, minmay_temple_entry_trees,
          grunt_decor_mini_mirrors, uniq_joseph
D:8:      due_megacathedral, basic_altar, minmay_misc_feat_rows,
          minmay_misc_feat_roman, kennysheep_generic_room_8
D:9:      zombieorc2_lemuel, blue_anna_alchemist, patterned_corridor
D:10:     uniq_josephine, uniq_urug
D:11:     erik_lair_dragon, eino_tiny_chamber, kennysheep_generic_room_15
Lair:1:   small_statue_intersection, grunt_megastairs_2
Lair:2:   serial_forest, infiniplex_forest_end_1,
          infiniplex_forest_clump_curved, infiniplex_forest_clump_long,
          infiniplex_forest_pool, infiniplex_forest_clump_cross,
          infiniplex_forest_zigzag_1, infiniplex_forest_lined_corner,
          infiniplex_forest_straight_2, uniq_erica
Lair:3:   grunt_megastairs_4, infiniplex_staircase_pool
Lair:4:   minmay_swamp_entry_swarm, spider_nest_entry_funnel_web,
          roderic_batcave, uniq_sonja
Lair:5:   portal_ice_cave_entry_pillars_02, serial_bayou_lagoon_b,
          lemuel_fruit_fields
Lair:6:   slime_altar_2, lab_entry_generic, uniq_nessos
Lair:7:   serial_bayou_shore_a, lemuel_fruit_fields
Lair:8:   minmay_lair_end_frog_pond, serial_bayou_shore_b, serial_bayou_shore_b,
          bh_autumn_forest_stairs, serial_bayou_shore_b, uniq_kirke
Orc:1:    serial_shops, nicolae_shop_waterfront, basic_altar, uniq_maud,
          uniq_snorg
Lab:      nicolae_lab_dead_adventurers, nicolae_lab_arrow
IceCv:    ice_cave_small_dragons

Skill      XL: |  1  2  3  4  5  6  7  8  9 10 11 12 13 14 15 |
---------------+----------------------------------------------+-----
Maces & Flails | 2 3 4 5 8 10 12 | 12.4
Fighting       | 3 7 9 |  9.1
Charms         | 3 6 8 10 12 13 | 13.8
Dodging        | 6 8 |  8.6
Spellcasting   | 6 9 11 | 11.8
Armour         | 4 5 |  5.1

Action                   |  1- 3 |  4- 6 |  7- 9 | 10-12 | 13-15 || total
-------------------------+-------+-------+-------+-------+-------++-------
Melee: Mace              |   113 |   220 |   451 |       |   858 ||  1642
       Dire flail        |       |       |   152 |  1166 |   691 ||  2009
       Whip              |       |       |       |       |    30 ||    30
 Fire: Blowgun           |       |       |       |       |     9 ||     9
 Cast: Infusion          |       |     2 |     5 |    40 |    33 ||    80
       Song of Slaying   |       |       |    11 |    17 |    21 ||    49
       Haste             |       |       |       |       |    11 ||    11
Invok: Heroism           |       |     1 |       |     8 |     7 ||    16
Evoke: Wand              |       |       |     1 |     1 |    16 ||    18
       Deck              |       |       |       |       |     8 ||     8
  Use: Scroll            |     2 |       |    11 |     9 |    13 ||    35
       Potion            |       |     3 |    14 |    10 |     9 ||    36
 Stab: Sleeping          |     2 |       |     1 |     3 |     3 ||     9
       Paralysed         |       |     1 |       |       |    14 ||    15
       Distracted        |       |       |       |     1 |     1 ||     2
  Eat: Chunk             |     1 |     5 |     8 |    14 |    10 ||    38
       Bread ration      |       |     1 |     2 |     4 |     2 ||     9
       Beef jerky        |       |       |     1 |       |       ||     1
       Fruit             |       |       |       |     1 |     2 ||     3
       Meat ration       |       |       |       |       |     3 ||     3
       Pizza             |       |       |       |       |     2 ||     2
Armor: Leather armour    |    44 |    41 |       |       |       ||    85
       Ring mail         |       |    64 |   289 |   419 |   150 ||   922
       Scale mail        |       |       |       |       |   207 ||   207
       Robe              |       |       |       |       |    21 ||    21
Dodge: Dodged            |    90 |   133 |   285 |   630 |  1277 ||  2415
Block: Buckler           |       |       |       |       |   230 ||   230
